 Dungeon Crawl Stone Soup version 0.31-a0-524-g2a164cf6a2 (webtiles) character file.

Game seed: 3130703671124352603

215 AdnanSaban the Trooper (level 5, -2/34 HPs)
             Began as a Gargoyle Fighter on Aug 12, 2023.
             Killed by nerve-wracking pain
             ... invoked by a shadow imp
             ... summoned by Eustachio
              (3 damage)
             ... on level 4 of the Dungeon.
             The game lasted 00:03:30 (2763 turns).

AdnanSaban the Trooper (Gargoyle Fighter)           Turns: 2763, Time: 00:03:30

Health: -2/34      AC: 11    Str: 21    XL:     5   Next: 92%
Magic:  5/5        EV:  9    Int:  9    God:
Gold:   184        SH:  4    Dex:  9    Spells: 4/4 levels left

rFire   . . .        a - +0 flail
rCold   . . .        c - +0 buckler
rNeg    + . .        b - +0 scale mail
rPois   ∞            (no helmet)
rElec   +            (no cloak)
rCorr   .            (no gloves)
SInv    .            (no boots)
Will    .....        (no amulet) Stlth
                     (no ring)
HPRegen 0.25/turn    (no ring)
MPRegen 0.09/turn

%: no passive effects
@: no status effects
A: sickness immunity, AC +4, negative energy resistance 1, electricity
resistance, torment resistance 1, petrification resistance
a: no special abilities


You were on level 4 of the Dungeon.
You visited 1 branch of the dungeon, and saw 4 of its levels.

You collected 184 gold pieces.

Inventory:

Hand Weapons
 a - a +0 flail (weapon)
Missiles
 e - 8 poisoned darts (quivered)
 j - 5 boomerangs
 s - 6 javelins
Armour
 b - a +0 scale mail (worn)
 c - a +0 buckler (worn)
Jewellery
 i - a +4 ring of slaying
Scrolls
 f - 4 scrolls of amnesia {unknown}
 g - 2 scrolls of noise {unknown}
 h - 4 scrolls of identify {unknown}
 k - 2 scrolls of teleportation {unknown}
 o - a scroll of immolation {unknown}
Potions
 d - a potion of might
 l - a potion of enlightenment {unknown}
 m - 2 potions of curing {unknown}
 n - a potion of haste {unknown}
 p - a potion of mutation {unknown}
 q - a potion of experience {unknown}
 r - a potion of lignification {unknown}


   Skills:
 + Level 4.4 Fighting
 + Level 4.2 Maces & Flails
 + Level 4.1 Armour
 + Level 1.0 Dodging
 + Level 3.6 Shields


You had 4 spell levels left.
You didn't know any spells.
Your spell library was empty.

Dungeon Overview and Level Annotations

Branches:
Dungeon (4/15)
 Temple: D:4-7

Altars:

Annotations:
D:4 2 transporters, Eustachio; Kiciri's ghost, novice DsSh


Innate Abilities, Weirdness & Mutations

You are immune to sickness and miasma.
Your stone body is resilient. (AC +4)
You are immune to poison.
You resist negative energy. (rN+)
You are resistant to electric shocks. (rElec)
You are resistant to unholy torment.
You are immune to petrification.


Message History

You block the river rat's attack. The ufetubus hits you.
The ufetubus hits you but does no damage.
Unknown command.
You completely miss Eustachio.
Eustachio is heavily wounded.
The bat hits you but does no damage. You block the quokka's attack.
The quokka bites you but does no damage.
You block Eustachio's attack.
The ufetubus hits you but does no damage. x2
The shadow imp barely misses you. You block the shadow imp's attack.
The river rat bites you but does no damage.
The quokka barely misses you. x2; Eustachio hits you but does no damage.
The ufetubus hits you. The ufetubus closely misses you.
You barely miss Eustachio.
Eustachio is heavily wounded.
The bat hits you but does no damage. The shadow imp completely misses you.
The shadow imp hits you but does no damage.
You block the river rat's attack.
The ufetubus hits you but does no damage.
The ufetubus closely misses you.
The quokka bites you but does no damage.
The quokka bites you. Eustachio hits you with a +0 rapier.
You barely miss Eustachio.
Eustachio is heavily wounded.
The bat barely misses you. The ufetubus hits you.
The ufetubus hits you but does no damage.
The shadow imp hits you.
* * * LOW HITPOINT WARNING * * *
The shadow imp misses you. The river rat closely misses you.
The quokka bites you but does no damage.
You block the quokka's attack. You block the bat's attack.
The ufetubus closely misses you. The ufetubus hits you.
* * * LOW HITPOINT WARNING * * *
Eustachio yells, "Perjured traitor, DIE!"
Eustachio hits you with a +0 rapier.
* * * LOW HITPOINT WARNING * * *
The shadow imp closely misses you. The shadow imp gestures at you.
Pain shoots through your body!
You die...

#........####.............#......
##.......)##....##........##.....
#...#............................
....##.##.................#......
#.. ....##..(.............###..##
......## .......................#
.... ..........$.............
.... ##.....55b.........#.....
......r@5...............
......rr@.....#####.....
...<.#.................. ..##
#.................. .
....####.©.####....o ....## ####
.###... #... .((..#. ##.. ...# ##
... #.# ....#.##.#


You could see Eustachio, a river rat (summoned), 2 shadow imps, an ufetubus
(summoned), 2 quokkas and a bat (summoned).

Vanquished Creatures
  2 orc priests
  3 gnolls (D:2)
  3 adders
  4 worms
  2 dart slugs (D:2)
  7 orcs
  8 bats
  5 endoplasms
  4 giant cockroaches
  5 goblins
  5 hobgoblins
  3 jackals (D:1)
  3 quokkas (D:1)
  7 ball pythons
  11 frilled lizards
  3 kobolds
  7 rats
82 creatures vanquished.

Notes
Turn   | Place    | Note
-------+----------+-------------------------------------------
     0 | D:1      | AdnanSaban the Gargoyle Fighter began the quest for the
                  | Orb.
     0 | D:1      | Reached XP level 1. HP: 14/14 MP: 1/1
   165 | D:1      | Found a faded altar of an unknown god.
   208 | D:1      | Reached XP level 2. HP: 16/19 MP: 2/2
   617 | D:1      | Reached XP level 3. HP: 21/23 MP: 3/3
   991 | D:2      | Reached XP level 4. HP: 13/29 MP: 4/4
  1270 | D:2      | Identified the +5 hand axe of the Lusting Enemy {venom,
                  | rPois rN+ Will+ Int+2}
  1773 | D:3      | Reached XP level 5. HP: 33/33 MP: 5/5
  2430 | D:4      | Found a transporter.
  2433 | D:4      | Noticed Kiciri's ghost (novice DsSh)
  2434 | D:4      | Noticed Eustachio
  2574 | D:3      | Reached skill level 1 in Dodging
  2746 | D:4      | Found a transporter.
  2763 | D:4      | HP: 1/34 [Eustachio/+0 rapier (6)]
  2763 | D:4      | Killed from afar by a shadow imp

Illustrated notes

Levels and vault maps discovered:
D:1:      lemuel_arrival_tunnels, layout_basic, basic_ecumenical_altar
D:2:      layout_basic, st_stairs_10, serial_bayou_pond_e, minmay_lizard_king
D:3:      layout_loops_ring, corexii_item_surrounded_by_moat, st_stairs_6,
          kennysheep_generic_room_7
D:4:      layout_cave_pools, gammafunk_temple_overflow_pools,
          minmay_temple_entry_nine_rooms, gammafunk_ghost_stat_death,
          uniq_eustachio, uniq_crazy_yiuf_cottage

Skill      XL: |  1  2  3  4  5 |
---------------+----------------+-----
Fighting       | 4 |  4.4
Maces & Flails | 3 4 |  4.2
Armour         | 4 |  4.1
Dodging        | 1 |  1.0
Shields        | |  3.6

Action                     |  1- 3 |  4- 6 || total
---------------------------+-------+-------++-------
  Melee: Flail             |   119 |   190 ||   309
  Throw: Dart              |       |     1 ||     1
 Armour: Scale mail        |    71 |   164 ||   235
  Dodge: Dodged            |    76 |   131 ||   207
  Block: Buckler           |    20 |    44 ||    64

Table legend: (Time is in decaauts)
 A = Elapsed time spent in this place.
 B = Non-inter-level travel time spent in this place.
 C = Inter-level travel time spent in this place.
 D = Time resting spent in this place.
 E = Time spent auto-exploring this place.
 F = Levels seen in this place.
 G = Mean time per level.
                   A        B        C        D        E       F      G
               +--------+--------+--------+--------+--------+-----+--------+
         Total |   2851 |   2768 |     83 |     96 |   1917 |   4 |  712.8 |
       Dungeon |   2851 |   2768 |     83 |     96 |   1917 |   4 |  712.8 |
               +--------+--------+--------+--------+--------+-----+--------+

Top non-repeatable levels by time:
     D:2: 1031 daAuts
     D:3: 817 daAuts
     D:1: 737 daAuts
     D:4: 265 daAuts
